 Dungeon Crawl Stone Soup version 0.30-a0-722-g3e6e8c874d (webtiles) character file.

Game seed: 15524850934881069151

14 retardedninja the Trooper (level 2, -3/27 HPs)
             Began as a Hill Orc Fighter on Jan 27, 2023.
             Slain by Jessica
             ... wielding a +7 club
              (5 damage)
             ... on level 2 of the Dungeon.
             The game lasted 00:00:55 (1053 turns).

retardedninja the Trooper (Hill Orc Fighter)        Turns: 1053, Time: 00:00:56

Health: -3/27      AC:  6    Str: 18    XL:     2   Next: 41%
Magic:  2/2        EV:  9    Int:  6    God:
Gold:   73         SH:  4    Dex: 10    Spells: 1/1 levels left

rFire   . . .      SeeInvis .    a - +0 war axe
rCold   . . .      Faith    .    c - +0 buckler
rNeg    . . .      Spirit   .    b - +0 scale mail
rPois   .          Reflect  .    (no helmet)
rElec   .          Harm     .    (no cloak)
rCorr   .          Rampage  .    (no gloves)
Will    .....                    (no boots) Stlth
                                 (no amulet)
HPRegen 0.24/turn                (no ring)
MPRegen 0.08/turn                (no ring)

@: no status effects
A: dopey 1
a: no special abilities


You were on level 2 of the Dungeon.
You visited 1 branch of the dungeon, and saw 2 of its levels.

You collected 73 gold pieces.

Inventory:

Hand Weapons
 a - a +0 war axe (weapon)
Armour
 b - a +0 scale mail (worn)
 c - a +0 buckler (worn)
Jewellery
 i - a ring of flight
 k - a ring of wizardry
 q - a ring of protection from fire
Scrolls
 f - a scroll of amnesia {unknown}
 g - a scroll of fear {unknown}
 j - a scroll of identify {unknown}
Potions
 d - a potion of might
 e - a potion of attraction {unknown}
 l - a potion of flight {unknown}
 m - a potion of haste {unknown}
 n - a potion of invisibility {unknown}
 o - a potion of brilliance {unknown}
 p - a potion of curing {unknown}


   Skills:
 + Level 3.8 Fighting
 + Level 3.1 Axes
 + Level 3.5 Armour
 + Level 3.5 Shields


You had one spell level left.
You didn't know any spells.
Your spell library contained the following spells:

 Spells                   Type           Power      Damage    Failure   Level
 Beastly Appendage        Tmut           0%         N/A       90%         1
 Wereblood                Tmut           0%         N/A       97%         2
 Spider Form              Tmut/Pois      0%         N/A       99%         3


Dungeon Overview and Level Annotations

Branches:
Dungeon (2/15)

Altars:

Annotations:
D:2 Jessica


Innate Abilities, Weirdness & Mutations

You are dopey. (Int -2)


Message History

The ball python bites you but does no damage.
The ball python constricts you.
The ball python bites you but does no damage.
The ball python constricts you.
You hit the ball python.
You kill the ball python!
No target in view!
No target in view!
No target in view!
No target in view!
You see here a ball python corpse.
Jessica the Apprentice Sorceress comes into view.
She is wielding a +7 club and wearing a +0 robe of fire resistance.
Jessica shouts!
Jessica points at you and mumbles some strange words.
You resist with some effort.
Jessica is nearby!
Jessica is nearby!
Jessica mumbles some strange words.
Jessica seems to speed up.
Jessica is nearby!
You see here a murky ruby potion.
Jessica points at you and mumbles some strange words.
You resist with some effort.
Jessica points at you and mumbles some strange words.
Pain shoots through your body!
You hit Jessica.
Jessica is moderately wounded.
Jessica hits you with a +7 club.
Jessica points at you and mumbles some strange words.
Pain shoots through your body!
* * * LOW HITPOINT WARNING * * *
You are too injured to fight recklessly!
You are too injured to fight recklessly!
It was a potion of mutation.
You feel extremely strange.
You feel stupid. You block Jessica's attack.
You hit Jessica.
Jessica is heavily wounded.
Jessica barely misses you. Jessica hits you with a +7 club.
You die...

##########
#.........#
#.........##
.......?.. #
#.##.#..# .#
#.##.##.#.####..#
#..........!@@.#
####.#..#####.......
##..#..# .###.##
#..#†..# ##
###.##.#....#
#......#....#
####..###..)##.#
#.....#...### .#
####### ..#.#...###
# ##.....##


You could see Jessica (fast).

Vanquished Creatures
  3 endoplasms (D:1)
  A giant cockroach (D:1)
  A goblin (D:1)
  2 hobgoblins (D:1)
  2 ball pythons
  A frilled lizard (D:1)
  2 kobolds (D:1)
12 creatures vanquished.

Notes
Turn   | Place    | Note
-------+----------+-------------------------------------------
     0 | D:1      | retardedninja the Hill Orc Fighter began the quest for the
                  | Orb.
     0 | D:1      | Reached XP level 1. HP: 19/19 MP: 1/1
   257 | D:1      | Found a faded altar of an unknown god.
   435 | D:1      | Reached XP level 2. HP: 23/27 MP: 2/2
  1046 | D:2      | Noticed Jessica
  1051 | D:2      | HP: 1/27 [Jessica/nerve-wracking pain (13)]
  1052 | D:2      | Gained mutation: You are dopey. (Int -2) [potion of
                  | mutation]
  1053 | D:2      | Slain by Jessica

Illustrated notes

Levels and vault maps discovered:
D:1:      saegor_arrival_simple_a, layout_basic,
          shapermc_ecumenical_altar_mp_highgroup, nrook_campfire
D:2:      layout_rooms, uniq_jessica

Skill      XL: |  1 |
---------------+----+-----
Axes           | 3 |  3.1
Fighting       | |  3.8
Armour         | |  3.5
Shields        | |  3.5

Action                     || total
---------------------------++-------
  Melee: War axe           ||    28
    Use: Potion            ||     1
 Armour: Scale mail        ||    11
  Dodge: Dodged            ||    12
  Block: Buckler           ||     7

Table legend: (Time is in decaauts)
 A = Elapsed time spent in this place.
 B = Non-inter-level travel time spent in this place.
 C = Inter-level travel time spent in this place.
 D = Time resting spent in this place.
 E = Time spent auto-exploring this place.
 F = Levels seen in this place.
 G = Mean time per level.
                   A        B        C        D        E       F      G
               +--------+--------+--------+--------+--------+-----+--------+
         Total |   1063 |   1039 |     24 |      0 |    930 |   2 |  531.5 |
       Dungeon |   1063 |   1039 |     24 |      0 |    930 |   2 |  531.5 |
               +--------+--------+--------+--------+--------+-----+--------+

Top non-repeatable levels by time:
     D:1: 908 daAuts
     D:2: 155 daAuts
